 Dungeon Crawl Stone Soup version 0.28-a0-662-g1651b1f1e0 (webtiles) character file.

Game seed: 18139528365175827405

168571 lunkers the Warrior (level 18, -2/143 HPs)
             Began as a Djinni Cinder Acolyte on Oct 11, 2021.
             Was a High Priest of Ignis.
             Slain by a nagaraja (5 damage)
             ... on level 4 of the Snake Pit on Oct 14, 2021.
             The game lasted 01:38:30 (36999 turns).

lunkers the Warrior (Djinni Cinder Acolyte)        Turns: 36999, Time: 01:38:31

Health: -2/143     AC: 25    Str: 13    XL:     18   Next: 58%
Gold:   1283       EV:  5    Int: 34    God:    Ignis [*****.] SH: 12 Dex:  9

rFire   + + +      SeeInvis .   y - +8 scimitar of the Wizarding Scorpion {vorpal, +Blink rElec rPois rC++}
rCold   + . .      Faith    .   O - +0 kite shield
rNeg    + + .      Spirit   .   V - +0 pearl dragon scales
rPois   ∞          Reflect  .   U - +1 helmet {Int+3}
rElec   +          Harm     .   v - +2 cloak
rCorr   .          Rampage  .   F - +1 pair of gloves
Will    +....                   (boots unavailable)
Stlth   ..........              R - amulet of regeneration
HPRegen 1.33/turn               x - ring of the Good {rN+ Int+7}
MPRegen 0.00/turn               D - +4 ring of protection

@: about to teleport, flying, constricted
A: sickness immunity, fire resistance 2, cold vulnerability 1, float, innate
caster, hp casting, extra vitality 1
a: Renounce Religion, Evoke Blink, Sea of Fire, Foxfire Swarm, Rising Flame


You were on level 4 of the Snake Pit.
You worshipped Ignis.
Ignis was extremely pleased with you.
You visited 4 branches of the dungeon, and saw 26 of its levels.
You also visited: Bailey.

You collected 2966 gold pieces.
You spent 1683 gold pieces at shops.

Inventory:

Hand Weapons
 y - the +8 scimitar of the Wizarding Scorpion (weapon) {vorpal, +Blink rElec rPois rC++}
   (You bought it in a shop on level 2 of the Orcish Mines)

   It inflicts extra damage upon your enemies.
   rC:        It greatly protects you from cold.
   rElec:     It insulates you from electricity.
   rPois:     It protects you from poison.
   +Blink:    It lets you blink.
Missiles
 s - a throwing net
 L - 14 curare-tipped darts
Armour
 p - the +4 skin of Zhor {*Englaciate rC+++ SInv}
   (You found it on level 8 of the Dungeon)

   It radiates cold, occasionally slowing all nearby creatures who are not
   resistant to cold.
   rC:        It renders you almost immune to cold.
   SInv:      It lets you see invisible.
 v - a +2 cloak (worn)
 F - a +1 pair of gloves (worn)
 O - a +0 kite shield (worn)
 U - a +1 helmet of intelligence (worn)
 V - +0 pearl dragon scales (worn)
 W - a +2 robe of the Archmagi
Magical Staves
 Q - a staff of earth
Jewellery
 a - a ring of willpower
 w - the ring of Xom's Capriciousness {rCorr Int+6}
   (You found it on level 4 of the Dungeon)

   [ring of resist corrosion]

   Int:       It affects your intelligence (+6).
   rCorr:     It protects you from acid and corrosion.
 x - the ring of the Good (left hand) {rN+ Int+7}
   (You found it on level 2 of the Snake Pit)

   [ring of positive energy]

   Int:       It affects your intelligence (+7).
   rN:        It protects you from negative energy.
 A - an amulet of the acrobat
 D - a +4 ring of protection (right hand)
 K - a ring of protection from fire
 R - an amulet of regeneration (around neck)
 Z - a ring of protection from cold
Wands
 b - a wand of flame (53)
 h - a wand of iceblast (19)
 m - a wand of polymorph (15)
 B - a wand of mindburst (32)
 J - a wand of acid (20)
 P - a wand of paralysis (27)
Scrolls
 f - 2 scrolls of teleportation
 k - 9 scrolls of magic mapping
 n - 2 scrolls of fog
 o - 5 scrolls of holy word
 t - 2 scrolls of silence
 C - a scroll of enchant weapon
 G - 3 scrolls of blinking
 H - a scroll of fear
 M - 3 scrolls of identify
 T - 3 scrolls of brand weapon
Potions
 c - 3 potions of haste
 d - 4 potions of cancellation
 e - 5 potions of mutation
 g - 2 potions of attraction
 i - 5 potions of invisibility
 j - 2 potions of heal wounds
 l - a potion of resistance
 q - 10 potions of curing
 r - 2 potions of brilliance
 u - 3 potions of berserk rage
 z - 4 potions of lignification
 I - a potion of might
 N - 2 potions of ambrosia
Miscellaneous
 Y - a phantom mirror


   Skills:
 + Level 17.3 Fighting
 - Level 2.6(4.5) Short Blades
 - Level 5.6(6.0) Long Blades
 + Level 8.1 Armour
 - Level 15.0 Shields
 + Level 17.1 Spellcasting


You had 19 spell levels left.
You knew the following spells:

 Your Spells              Type           Power      Damage    Failure   Level
a - Stone Arrow           Conj/Erth      100%       3d13      0%          3
b - Searing Ray           Conj           100%       2d8       0%          2
c - Wereblood             Tmut           98%        N/A       0%          2
d - Sandblast             Erth           100%       2d20      0%          1
e - Alistair's Intoxicat  Tmut/Pois      65%        N/A       1%          5
f - Borgnjor's Vile Clut  Necr/Erth      49%        N/A       1%          5
g - Death Channel         Necr           49%        N/A       1%          6
h - Eringya's Noxious Bo  Tmut/Pois      49%        N/A       1%          6
p - Scorch                Fire           100%       2d10      0%          2
Your spell library was empty.

Dungeon Overview and Level Annotations

Branches:
Dungeon (14/15)            Temple (0/1) D:5            Lair (6/6) D:10
 Shoals (0/4) Lair:2        Snake (4/4) Lair:2        Slime (0/5) Lair:5
    Orc (2/2) D:10            Elf (0/3) Orc:2        Vaults (0/5) D:13
 Bailey (visited)

Altars:
Ashenzari
Dithmenos
Elyvilon
Kikubaaqudgha
Makhleb
Nemelex Xobeh
Qazlal
Uskayaw
Wu Jian
Yredelemnul
The Shining One
Beogh
Jiyva

Shops:
D:11 ?   Orc:1 *   Orc:2 (:[*:(=   Snake:1 !   Snake:2 :   Snake:3 ?*(

Annotations:
D:3 3 runed translucent doors, ryw's ghost, weakling DsGl
Lair:5 1 runed translucent door
Lair:6 4 runed translucent doors, Ryamim's ghost, journeyman GrFi; Vayczud's ghost, journeyman TrMo
Snake:1 2 transporters, 1 runed translucent door, Tamablel's ghost, adept DsBe


Innate Abilities, Weirdness & Mutations

You are immune to sickness and miasma.
You are immune to poison.
Your flesh is very heat resistant. (rF++)
You are vulnerable to cold. (rC-)
You float through the air rather than walking.
You learn spells naturally, not from books.
Your magical power is your life essence.
You have superior vitality. (+4 HP)


Message History

The naga warrior spits poison at you. You block the splash of poison.
The nagaraja spits poison at you. You block the splash of poison.
The naga sharpshooter spits poison at you.
You block the splash of poison.
The anaconda bites you but does no damage.
The guardian serpent hits you!
* * * LOW HITPOINT WARNING * * *
The anaconda barely misses you. The anaconda constricts you.
* * * LOW HITPOINT WARNING * * *
The anaconda bites you.
* * * LOW HITPOINT WARNING * * *
The guardian serpent closely misses you.
A guardian serpent comes into view.
The naga warrior completely misses you. The anaconda bites you.
* * * LOW HITPOINT WARNING * * *
The anaconda constricts you.
The nagaraja points at you and mumbles some strange words.
The poison arrow hits you! You partially resist.
* * * LOW HITPOINT WARNING * * *
The naga sharpshooter unwields a +0 halberd.
The naga sharpshooter wields a +0 arbalest.
The naga sharpshooter gestures wildly while chanting.
The naga sharpshooter magically shoots a bolt.
The bolt closely misses you.
You hear an angry hiss.
You hear a shout!
You feel much better.
You hear a shout! x2
You block the anaconda's attack. The anaconda bites you.
* * * LOW HITPOINT WARNING * * *
The anaconda constricts you.
* * * LOW HITPOINT WARNING * * *
The guardian serpent hits you!
* * * LOW HITPOINT WARNING * * *
The anaconda barely misses you.
The naga warrior hits you with a +0 short sword!
* * * LOW HITPOINT WARNING * * *
The nagaraja hits you with a +0 club.
You die...

... ###...
#.#.... ...N...
.....⌠. ##S...S
#NN.# .. #@SS#
... #..NSSN.#
....
####.....####
....#
..#....##..#
.....# .##..##..#
.#....##.####...#
................#
..#
................#
...
.............#..#
...


You could see 2 naga warriors, a nagaraja, 2 naga sharpshooters, 3 anacondas and
3 guardian serpents.

Vanquished Creatures
  Bai Suzhen (Snake:3)
  Rupert (D:13)
  Asterion (Snake:1)
  Frances (Snake:1)
  Aizul (Lair:2)
  An orc warlord (Orc:2)
  The ghost of Jiaory the Fighter, a journeyman DsBe of Trog (D:12)
  Azrael (Orc:2)
  Snorg (Lair:5)
  A fire dragon (Lair:6)
  Josephine (D:10)
  Fannar (D:11)
  12 hydras
  A salamander tyrant (Snake:2)
  3 boulder beetles
  7 naga warriors
  2 alligators (Snake:2)
  A catoblepas (D:14)
  6 centaur warriors
  Erica (D:11)
  12 anacondas
  2 dancing weapons (D:13)
  5 two-headed ogres
  A death yak (Lair:4)
  8 naga sharpshooters
  2 tengu warriors (D:10)
  Urug (D:13)
  6 shock serpents
  6 orc high priests (Orc:2)
  3 salamander mystics
  4 naga ritualists
  A swamp dragon (Lair:6)
  4 lindwurms
  2 deep elf pyromancers
  6 orc knights
  4 mana vipers
  5 orc sorcerers
  2 manticores
  12 salamanders
  13 elephants
  2 ugly things
  4 cyclopes
  4 merfolk sirens (Lair:2)
  32 black mambas
  5 guardian serpents
  7 naga magi
  6 centaur zombies
  4 gargoyles
  6 torpor snails
  7 cane toads
  Psyche (D:10)
  4 rime drakes
  5 kobold demonologists
  15 komodo dragons
  An unseen horror (shapeshifter) (D:14)
  7 trolls
  4 polar bears
  4 tyrant leeches
  8 hornets (Lair:6)
  11 slime creatures (D:14)
  13 blink frogs
  6 dream sheep (Lair:4)
  2 shadows
  A spriggan (D:7)
  7 wraiths (D:10)
  47 yaks
  A hog (Lair:4)
  2 vampires
  2 wyverns
  A human (D:14)
  6 basilisks
  A hog (shapeshifter) (D:14)
  3 steam dragons
  5 fire elementals
  13 vampire mosquitoes
  3 wargs
  3 swamp worms (Snake:2)
  28 nagas
  A hell hound (Orc:2)
  5 acid dragons
  13 water moccasins
  2 swamp drakes
  A black bear (Lair:1)
  An ice beast (D:6)
  45 orc warriors
  2 necrophages
  2 sky beasts
  10 ogres
  10 centaurs
  8 wolves
  2 phantoms (D:5)
  Blork the orc (D:4)
  7 kobold brigands
  A wyvern zombie (D:5)
  6 bullfrogs
  2 gnoll sergeants
  A scorpion (D:5)
  A water moccasin skeleton (D:5)
  An elephant simulacrum (Lair:3)
  12 killer bees
  2 jellies
  6 howler monkeys
  6 wights
  3 electric eels
  A human zombie (D:9)
  A lava snake (D:14)
  28 orc priests
  Crazy Yiuf (D:7)
  2 hounds
  3 centaur skeletons
  5 iguanas
  Terence (D:2)
  2 bullfrog skeletons
  32 orc wizards
  A polar bear simulacrum (Lair:3)
  A wolf simulacrum (Lair:3)
  A hound skeleton (D:4)
  4 mummies (D:9)
  2 howler monkey zombies (D:9)
  Robin (D:3)
  A howler monkey skeleton (D:6)
  7 adders
  17 gnolls
  A shadow imp (D:5)
  An ufetubus (D:7)
  6 dart slugs
  6 worms
  130 orcs
  7 endoplasms
  3 giant cockroaches
  18 goblins
  9 hobgoblins
  5 jackals
  5 quokkas
  9 ball pythons
  8 bats
  3 frilled lizards (D:2)
  27 kobolds
  6 rats
931 creatures vanquished.

Vanquished Creatures (collateral kills)
  3 orc warriors (Bailey)
  2 gnolls (Bailey)
  An orc (Bailey)
  3 goblins (Bailey)
9 creatures vanquished.

Vanquished Creatures (others)
  A naga (Snake:4)
  2 orcs (D:14)
  15 fungi
  35 plants
  6 withered plants (Lair:6)
59 creatures vanquished.

Grand Total: 999 creatures vanquished

Notes
Turn   | Place    | Note
-------+----------+-------------------------------------------
     0 | D:1      | lunkers the Djinni Cinder Acolyte began the quest for the
                  | Orb.
     0 | D:1      | Reached XP level 1. HP: 20/20 MP: 0/0
   200 | D:1      | Reached XP level 2. HP: 18/25 MP: 0/0
   919 | D:1      | Reached XP level 3. HP: 15/30 MP: 0/0
   919 | D:1      | Learned a level 1 spell: Sandblast
  1217 | D:2      | Found a faded altar of an unknown god.
  1845 | D:2      | Found a stormy altar of Qazlal.
  1857 | D:2      | Reached XP level 4. HP: 22/35 MP: 0/0
  2677 | D:2      | Noticed Terence
  2682 | D:2      | Killed Terence
  2683 | D:2      | Reached XP level 5. HP: 26/41 MP: 0/0
  2683 | D:2      | Learned a level 2 spell: Searing Ray
  3204 | D:3      | Noticed Robin
  3209 | D:3      | Killed Robin
  3573 | D:3      | Reached XP level 6. HP: 29/47 MP: 0/0
  3907 | D:3      | Found a burning altar of Makhleb.
  3907 | D:3      | Noticed an Executioner
  3938 | D:3      | Found a runed translucent gate.
  3938 | D:3      | Found a runed translucent gate.
  3980 | D:3      | Found a broken altar of Ashenzari.
  4007 | D:3      | Found a runed translucent gate.
  4016 | D:3      | Noticed ryw's ghost (weakling DsGl)
  4612 | D:4      | Noticed Blork the orc
  4693 | D:4      | Killed Blork the orc
  4971 | D:4      | Reached XP level 7. HP: 43/53 MP: 0/0
  4971 | D:4      | Learned a level 2 spell: Wereblood
  5058 | D:4      | Identified the ring of Xom's Capriciousness {rCorr Int+6}
  5205 | D:4      | Found a basalt altar of Yredelemnul.
  5231 | D:4      | Reached skill level 5 in Spellcasting
  5236 | D:4      | Reached skill level 5 in Fighting
  5951 | D:5      | Entered Level 5 of the Dungeon
  6057 | D:5      | Found a staircase to the Ecumenical Temple.
  6465 | D:5      | Reached XP level 8. HP: 54/60 MP: 0/0
  7093 | D:6      | Noticed a yak
  7093 | D:6      | Noticed a yak
  7110 | D:6      | Noticed a yak
  7117 | D:5      | Killed a yak
  7300 | D:4      | Killed a yak
  7301 | D:4      | Reached XP level 9. HP: 13/67 MP: 0/0
  7301 | D:4      | Learned a level 3 spell: Stone Arrow
  8090 | D:6      | Found a hide-covered altar of Uskayaw.
  8577 | D:7      | You are sucked into a shaft and drop 3 floors!
  8577 | D:10     | Entered Level 10 of the Dungeon
  8601 | D:10     | Reached XP level 10. HP: 33/76 MP: 0/0
  8845 | D:10     | Noticed Psyche
  9290 | D:10     | Found a staircase to the Orcish Mines.
  9560 | D:10     | Found an ornate altar of the Wu Jian Council.
  9849 | D:10     | Killed Psyche
 10999 | D:8      | Found a glowing golden altar of the Shining One.
 11013 | D:8      | Noticed a rime drake
 11184 | D:8      | Found a white marble altar of Elyvilon.
 11208 | D:8      | Found a flagged portal.
 11294 | Bailey   | Entered a bailey
 11479 | Bailey   | Noticed an orc knight
 11480 | Bailey   | Reached skill level 10 in Spellcasting
 11494 | Bailey   | Killed an orc knight
 11495 | Bailey   | Reached XP level 11. HP: 16/84 MP: 0/0
 11495 | Bailey   | Learned a level 5 spell: Alistair's Intoxication
 12526 | D:8      | Found the +4 skin of Zhor {*Englaciate rC+++ SInv}
 12641 | D:8      | Noticed a two-headed ogre
 12646 | D:8      | Killed a two-headed ogre
 12647 | D:8      | Reached skill level 10 in Fighting
 12766 | D:8      | Identified a scroll of acquirement
 12766 | D:8      | Acquired a manual of Spellcasting
 13437 | D:7      | Found a runed translucent door.
 13438 | D:7      | Noticed Crazy Yiuf
 13442 | D:7      | Killed Crazy Yiuf
 14407 | D:9      | Found a shadowy altar of Dithmenos.
 15015 | D:10     | Found a staircase to the Lair.
 15136 | D:10     | Noticed Josephine
 15140 | D:10     | Killed Josephine
 15329 | D:10     | Reached XP level 12. HP: 86/94 MP: 0/0
 15371 | D:10     | Noticed a tengu warrior
 15371 | D:10     | Noticed a two-headed ogre
 15371 | D:10     | Noticed a tengu warrior
 15829 | D:10     | Killed a tengu warrior
 16076 | D:10     | Killed a tengu warrior
 16277 | Lair:1   | Entered Level 1 of the Lair of Beasts
 16443 | Lair:1   | Identified the +6 scimitar of Ru's Reproof {vorpal, rN+}
 16559 | Lair:1   | Noticed a four-headed hydra
 16571 | Lair:1   | Killed a four-headed hydra
 17139 | Lair:1   | Upgraded the game from 0.28-a0-653-g7e9dba17c3 to
                  | 0.28-a0-655-g4eb62b627b
 18066 | Lair:2   | Found a staircase to the Snake Pit.
 18163 | Lair:2   | Noticed a six-headed hydra
 18174 | Lair:2   | Killed a six-headed hydra
 18277 | Lair:2   | Found a staircase to the Shoals.
 18668 | Lair:2   | Upgraded the game from 0.28-a0-655-g4eb62b627b to
                  | 0.28-a0-657-g71136c5590
 18743 | Lair:3   | Reached XP level 13. HP: 64/103 MP: 0/0
 18743 | Lair:3   | Learned a level 5 spell: Borgnjor's Vile Clutch
 18926 | Lair:3   | Noticed a four-headed hydra
 18933 | Lair:3   | Killed a four-headed hydra
 19634 | Lair:3   | Reached skill level 1 in Shields
 19842 | Lair:3   | Reached skill level 15 in Spellcasting
 20177 | Lair:4   | Noticed Sonja
 20178 | Lair:4   | Noticed Sonja
 20178 | Lair:4   | Sonja changed into Sonja the hog
 20182 | Lair:4   | Killed Sonja the hog
 21333 | Lair:4   | Reached skill level 5 in Shields
 22393 | Lair:5   | Noticed a four-headed hydra
 22393 | Lair:5   | Noticed a six-headed hydra
 22398 | Lair:5   | Killed a six-headed hydra
 22400 | Lair:5   | Killed a four-headed hydra
 22502 | Lair:5   | Noticed Snorg
 22513 | Lair:5   | Killed Snorg
 22640 | Lair:5   | Reached XP level 14. HP: 108/112 MP: 0/0
 22767 | Lair:5   | Reached XP level 15. HP: 98/117 MP: 0/0
 22767 | Lair:5   | Learned a level 6 spell: Death Channel
 22981 | Lair:5   | Found a runed translucent door.
 22982 | Lair:5   | Found a viscous altar of Jiyva.
 23081 | Lair:5   | Reached skill level 10 in Shields
 23470 | Lair:5   | Found a staircase to the Slime Pits.
 23688 | Lair:6   | Entered Level 6 of the Lair of Beasts
 24220 | Lair:6   | Found a runed translucent gate.
 24220 | Lair:6   | Found a runed translucent gate.
 24220 | Lair:6   | Found a runed translucent gate.
 24252 | Lair:6   | Noticed Ryamim's ghost (journeyman GrFi)
 24252 | Lair:6   | Noticed Vayczud's ghost (journeyman TrMo)
 25119 | Lair:6   | Found a runed translucent door.
 25640 | Orc:1    | Entered Level 1 of the Orcish Mines
 25728 | Orc:2    | Entered Level 2 of the Orcish Mines
 25729 | Orc:2    | Found Coujil's Book Boutique.
 25851 | Orc:2    | Reached skill level 15 in Fighting
 25851 | Orc:2    | Noticed Azrael
 25902 | Orc:2    | Killed Azrael
 26007 | Orc:2    | Noticed an orc warlord
 26024 | Orc:2    | Killed an orc warlord
 26041 | Orc:2    | Reached XP level 16. HP: 95/124 MP: 0/0
 26303 | Orc:2    | Found Ekhoerro's Jewellery Shop.
 26316 | Orc:2    | Found Plog's Weapon Boutique.
 26645 | Orc:1    | Found Poshineh's Practical Paraphernalia.
 26884 | Orc:2    | Found a staircase to the Elven Halls.
 27227 | Orc:2    | Found Foinoes's Antique Armour Boutique.
 27228 | Orc:2    | Found Ubasko's Antique Weapon Shop.
 27230 | Orc:2    | Found Gocy's General Store.
 27230 | Orc:2    | Found Werohek's Book Boutique.
 27317 | Orc:2    | Bought a shiny helmet for 195 gold pieces
 27347 | Orc:2    | Bought an ichor-stained scimitar for 288 gold pieces
 27347 | Orc:2    | Identified the +8 scimitar of the Wizarding Scorpion
                  | {vorpal, +Blink rElec rPois rC++} (You bought it in a shop
                  | on level 2 of the Orcish Mines)
 27416 | Orc:1    | Bought +0 pearl dragon scales for 1200 gold pieces
 27750 | D:11     | Noticed Erica
 27757 | D:11     | Killed Erica
 27895 | D:11     | Found Tigoxtes's Magic Scroll Shop.
 28437 | D:11     | Noticed Fannar
 28448 | D:11     | Killed Fannar
 28647 | D:12     | Reached skill level 1 in Armour
 28895 | D:12     | Reached skill level 1 in Long Blades
 29227 | D:12     | Found a runed translucent gate.
 29227 | D:12     | Found a runed translucent gate.
 29227 | D:12     | Found a runed translucent gate.
 29229 | D:12     | Noticed Jiaory's ghost (journeyman DsBe)
 29432 | D:12     | Killed Jiaory's ghost
 29677 | D:13     | Noticed Rupert
 29690 | D:13     | Killed Rupert
 29979 | D:13     | Noticed Urug
 29980 | D:13     | Found a gate to the Vaults.
 29992 | D:13     | Killed Urug
 30706 | D:14     | Reached XP level 17. HP: 56/133 MP: 0/0
 30706 | D:14     | Learned a level 6 spell: Eringya's Noxious Bog
 31073 | D:14     | Found a sparkling altar of Nemelex Xobeh.
 32073 | Snake:1  | Entered Level 1 of the Snake Pit
 32246 | Snake:1  | Noticed Aizul
 32299 | Lair:2   | Killed Aizul
 32610 | Snake:1  | Found a transporter.
 32640 | Snake:1  | Found Caurphem's Distillery.
 32741 | Snake:1  | Noticed Asterion
 32746 | Snake:1  | Reached skill level 15 in Shields
 32762 | Snake:1  | Killed Asterion
 33018 | Snake:1  | Found a runed translucent door.
 33019 | Snake:1  | Noticed Tamablel's ghost (adept DsBe)
 33282 | Snake:1  | Reached skill level 5 in Armour
 33590 | Snake:1  | Found a transporter.
 33596 | Snake:1  | Noticed Frances
 33606 | Snake:1  | Killed Frances
 34035 | Snake:1  | Reached skill level 5 in Long Blades
 34625 | Snake:2  | Found Ramavi's Book Emporium.
 34903 | Snake:2  | Reached XP level 18. HP: 63/141 MP: 0/0
 35226 | Snake:2  | Upgraded the game from 0.28-a0-657-g71136c5590 to
                  | 0.28-a0-662-g1651b1f1e0
 35408 | Snake:2  | Identified the ring of the Good {rN+ Int+7}
 35689 | Snake:3  | Found Poikhor's General Store.
 35698 | Snake:3  | Found Fiusum's Magic Scroll Shop.
 35713 | Snake:3  | Noticed Bai Suzhen
 35731 | Snake:3  | Killed Bai Suzhen
 35915 | Snake:3  | Found Loullaw's Antique Weapon Boutique.
 36629 | Snake:4  | Entered Level 4 of the Snake Pit
 36999 | Snake:4  | HP: 3/143 [naga warrior (15)]
 36999 | Snake:4  | Slain by a nagaraja

Illustrated notes

Levels and vault maps discovered:
D:1:      minmay_arrival_shattered_statue, layout_basic
D:2:      layout_rooms, shapermc_ecumenical_altar_venn, basic_altar,
          minmay_joined_circles, uniq_terence
D:3:      layout_basic, ashenzari_conservatory_becter,
          makhleb_altar_promises_db, gammafunk_ghost_split, uniq_robin
D:4:      layout_gridville, mainiacjoe_overflow_small_starburst,
          hangedman_abyss_or_decor_slice, minmay_vboxes, uniq_blork_the_orc
D:5:      layout_gridville, minmay_temple_entry_junction_2, minmay_starry_boxes
D:6:      layout_basic, kennysheep_mini_moat
D:7:      layout_rooms, the_hattery, uniq_crazy_yiuf_cottage
D:8:      layout_loops_ring, lemuel_tele_altar, mainiacjoe_overflow_boulevard,
          enter_bailey_3, hellmonk_guarded_unrand_zhor
D:9:      layout_roguey [special_room_orc],
          lemuel_mausoleum_altar_kikubaaqudgha,
          grunt_dithmenos_smoke_and_mirrors, serial_glass, glass_columns_a,
          glass_columns_b, glass_columns_a, glass_columns_b, glass_columns_c,
          glass_columns_b, kennysheep_generic_room_2
D:10:     layout_cave_pods, general_overflow_altar, lair_entry_dummy,
          david_orc_5, kennysheep_opposing_triangles, uniq_psyche,
          uniq_josephine
D:11:     layout_loops_corners, special_room [special_room_orc],
          glass_columns_c, nicolae_stop_n_shop_1, uniq_erica, uniq_fannar
D:12:     layout_irregular_city, gammafunk_ghost_nasty_kobolds
D:13:     layout_gridville, erik_vaults_1, uniq_rupert, uniq_urug
D:14:     layout_loops_cross, nemelex_spade_bored_becter, serial_aquarium,
          aquarium_bridge_square [aquarium_subvault_window,
          aquarium_subvault_bridge, aquarium_subvault_window,
          aquarium_subvault_bridge], aquarium_bridge_square
          [aquarium_subvault_wall, aquarium_subvault_wall,
          aquarium_subvault_bridge, aquarium_subvault_window],
          aquarium_window_fake, aquarium_window_fake, aquarium_view_2e,
          aquarium_balcony_1b, aquarium_pool_four, kennysheep_cross_room,
          grunt_livestock
Lair:1:   layout_cave_pods, serial_bayou_shore_b, serial_bayou_shore_b
Lair:2:   layout_big_grid, elwin_shoals_entry_stream, dummy_snake_entry
Lair:3:   layout_gridlike, portal_ice_cave_entry_ice_simulacra,
          grunt_forest_stairs_basic, serial_bayou_shore_a
Lair:4:   layout_small_grid, beast_lair_carwin_8, serial_bayou_shore_b,
          uniq_sonja
Lair:5:   layout_big_grid, slime_altar_2, grunt_megastairs_5, uniq_snorg
Lair:6:   wormcave, layout_small_grid, guppyfry_lair_end_dragon,
          gammafunk_ghost_cemetery, chequers_serial_rivers_small_a,
          lemuel_fruit_tree
Snake:1:  gammafunk_its_a_trap, layout_chambers, serial_shops, shop_coins,
          gammafunk_ghost_grave, uniq_asterion, uniq_aizul, uniq_frances
Snake:2:  onia_ninara_swampy_vault, layout_gridlike, serial_shops, shop,
          nrook_guardian_serpent_double
Snake:3:  layout_grid_maze, serial_shops, shop, minmay_shoptagon,
          uniq_bai_suzhen
Snake:4:  grunt_snake_rune_serpentine_throne, layout_onion_interference
Orc:1:    layout_caves, nicolae_alphabet_shops, nicolae_orc_sculptors_studio
Orc:2:    st_orc_congregation, layout_diamond_mine, serial_shops, shop,
          nicolae_shop_behind_doors,
          nicolae_shop_temple_entry_statues_fountains, uniq_azrael

Skill      XL: |  1  2  3  4  5  6  7  8  9 10 11 12 13 14 15 16 17 18 |
---------------+-------------------------------------------------------+-----
Spellcasting   | 3 4 5 7 8 10 12 14 15 16 17 | 17.1
Fighting       | 4 5 6 8 9 11 13 14 15 16 17 | 17.3
Shields        | 6 9 12 14 15 | 15.0
Armour         | 3 6 8 |  8.1
Long Blades    | 2 5 |  5.6
Short Blades   | |  2.6

Action                   |  1- 3 |  4- 6 |  7- 9 | 10-12 | 13-15 | 16-18 || total
-------------------------+-------+-------+-------+-------+-------+-------++-------
Melee: Short sword       |    13 |       |       |       |       |       ||    13
       Dagger            |       |       |     7 |     2 |       |       ||     9
       Scimitar          |       |       |       |     6 |       |    31 ||    37
 Cast: Scorch            |    43 |   102 |    91 |       |       |       ||   236
       Stone Arrow       |       |       |    30 |   380 |   420 |   945 ||  1775
       Searing Ray       |       |       |       |     2 |       |       ||     2
       Borgnjor's Vile C |       |       |       |       |    40 |    72 ||   112
       Eringya's Noxious |       |       |       |       |       |     2 ||     2
Evoke: Wand              |       |       |       |     2 |     2 |       ||     4
  Use: Scroll            |       |     1 |    15 |     8 |     7 |     6 ||    37
       Potion            |       |       |       |       |     1 |     3 ||     4
Armor: Robe              |     2 |     7 |     2 |       |       |       ||    11
       Ring mail         |       |       |    16 |    28 |       |       ||    44
       Animal skin       |       |       |       |    21 |    83 |    10 ||   114
       Pearl dragon scal |       |       |       |       |       |   293 ||   293
Dodge: Dodged            |     5 |    21 |    24 |    73 |    59 |   182 ||   364
Block: Kite shield       |       |       |       |       |    74 |   371 ||   445

Table legend: (Time is in decaauts)
 A = Elapsed time spent in this place.
 B = Non-inter-level travel time spent in this place.
 C = Inter-level travel time spent in this place.
 D = Time resting spent in this place.
 E = Time spent auto-exploring this place.
 F = Levels seen in this place.
 G = Mean time per level.
                   A        B        C        D        E       F      G
               +--------+--------+--------+--------+--------+-----+--------+
         Total |  37047 |  35846 |   1201 |   4616 |  25362 |  27 | 1372.1 |
       Dungeon |  19882 |  19337 |    545 |   2086 |  14678 |  14 | 1420.1 |
          Lair |   9628 |   9231 |    397 |   1359 |   6682 |   6 | 1604.7 |
     Snake Pit |   4727 |   4638 |     89 |    257 |   3177 |   4 | 1181.8 |
  Orcish Mines |   1832 |   1663 |    169 |    194 |    703 |   2 |  916.0 |
        Bailey |    976 |    976 |      0 |    720 |    122 |   1 |  976.0 |
               +--------+--------+--------+--------+--------+-----+--------+

Top non-repeatable levels by time:
    D:10: 2994 daAuts
  Lair:4: 2286 daAuts
 Snake:1: 2159 daAuts
     D:2: 1925 daAuts
  Lair:5: 1655 daAuts
     D:9: 1637 daAuts
     D:4: 1542 daAuts
     D:8: 1534 daAuts
     D:3: 1526 daAuts
  Lair:6: 1497 daAuts
  Lair:3: 1462 daAuts
  Lair:1: 1438 daAuts
     D:5: 1300 daAuts
  Lair:2: 1288 daAuts
    D:14: 1269 daAuts
